 Dungeon Crawl Stone Soup version 0.28.0-53-g5a82cb258f (webtiles) character file.

Game seed: 6037719349471280357

10460 quokkamancerX the Severer (level 11, -5/101 HPs)
             Began as a Hill Orc Fighter on May 30, 2022.
             Was a Priest of the Shining One.
             Succumbed to a killer bee's poison
             ... on level 9 of the Dungeon.
             The game lasted 00:24:42 (10238 turns).

quokkamancerX the Severer (Hill Orc Fighter)       Turns: 10238, Time: 00:24:43

Health: -5/101     AC: 18    Str: 24    XL:     11   Next: 62%
Magic:  18/18      EV:  6    Int:  8    God:    the Shining One [***...]
Gold:   458        SH:  6    Dex: 23    Spells: 10/10 levels left

rFire   . . .      SeeInvis +   y - +0 broad axe
rCold   . . .      Faith    .   c - +0 buckler
rNeg    + . .      Spirit   .   l - +1 plate armour
rPois   .          Reflect  .   b - +2 helmet {SInv}
rElec   .          Harm     .   (no cloak)
rCorr   .          Rampage  .   n - +2 pair of gloves of Riqarang {Dex+7}
Will    .....                   (no boots)
Stlth   ..........              (no amulet)
HPRegen 0.26/turn               k - ring of flight
MPRegen 0.16/turn               t - +6 ring of dexterity

@: lethally poisoned (-5 -> -37), flying, glowing
A: no striking features
a: Renounce Religion, Divine Shield, Cleansing Flame


You were on level 9 of the Dungeon.
You worshipped the Shining One.
The Shining One was most pleased with you.
You visited 2 branches of the dungeon, and saw 10 of its levels.
You also visited: Bailey.

You collected 458 gold pieces.

Inventory:

Hand Weapons
 y - a +0 broad axe (weapon)
Missiles
 d - 3 poisoned darts
 p - 8 boomerangs (quivered)
Armour
 b - a +2 helmet of see invisible (worn)
 c - a +0 buckler (worn)
 l - a +1 plate armour (worn)
 n - the +2 pair of gloves of Riqarang (worn) {Dex+7}
   (You found it on level 2 of the Dungeon)

   Dex:       It affects your dexterity (+7).
Jewellery
 k - a ring of flight (left hand)
 t - a +6 ring of dexterity (right hand)
Wands
 e - a wand of digging (7)
Scrolls
 g - 3 scrolls of blinking
 j - a scroll of fog
 u - 3 scrolls of teleportation
 x - a scroll of enchant weapon {unknown}
 A - 2 scrolls of brand weapon {unknown}
 C - a scroll of summoning {unknown}
 E - a scroll of silence
 W - 2 scrolls of enchant armour
Potions
 a - a potion of heal wounds {unknown}
 f - a potion of cancellation {unknown}
 m - a potion of haste {unknown}
 o - 2 potions of might
 s - a potion of berserk rage {unknown}
 w - a potion of mutation {unknown}
 z - a potion of attraction {unknown}
 B - a potion of resistance
 F - a potion of brilliance {unknown}


   Skills:
 + Level 10.5 Fighting
 - Level 18.0 Axes
 - Level 3.2 Armour
 - Level 3.2 Shields
 - Level 10.0 Invocations


You had 10 spell levels left.
You didn't know any spells.
Your spell library contained the following spells:

 Spells                   Type           Power      Damage    Failure   Level
 Sublimation of Blood     Necr           0%         N/A       100%        2
 Wereblood                Tmut           0%         N/A       100%        2
 Summon Hydra             Summ           0%         N/A       100%        7


Dungeon Overview and Level Annotations

Branches:
Dungeon (9/15)             Temple (1/1) D:5            Lair (0/6) D:9
    Orc (0/2) D:9          Bailey (visited)

Altars:
Ashenzari
Cheibriados
Dithmenos
Elyvilon
Fedhas
Gozag
Hepliaklqana
Kikubaaqudgha
Makhleb
Nemelex Xobeh
Okawaru
Qazlal
Ru
Sif Muna
Trog
Uskayaw
Vehumet
Wu Jian
Xom
Yredelemnul
Zin
The Shining One
Beogh

Shops:
D:7 (


Message History

You block the killer bee's attack.
There is an open door here.
You block the killer bee's attack.
The killer bee stings you but does no damage.
The killer bee buzzes angrily.
You hear an angry buzzing noise.
The killer bee stings you.
* * * LOW HITPOINT WARNING * * *
The killer bee completely misses you. The killer bee barely misses you.
The killer bee barely misses you. x2
The killer bee closely misses you.
The killer bee stings you but does no damage.
The killer bee stings you.
* * * LOW HITPOINT WARNING * * *
You are poisoned.
The killer bee poisons you!
The killer bee stings you but does no damage.
The killer bee stings you.
* * * LOW HITPOINT WARNING * * *
You are lethally poisoned!
The killer bee poisons you!
* * * LOW HITPOINT WARNING * * *
You feel very sick. The killer bee completely misses you.
The killer bee barely misses you.
The killer bee stings you but does no damage.
* * * LOW HITPOINT WARNING * * *
You feel very sick. The killer bee stings you.
* * * LOW HITPOINT WARNING * * *
The killer bee stings you.
* * * LOW HITPOINT WARNING * * *
You are more poisoned.
The killer bee poisons you! The killer bee stings you.
* * * LOW HITPOINT WARNING * * *
You are more poisoned.
The killer bee poisons you!
The killer bee stings you but does no damage.
Okay, then.
As you read the scroll of fear, it crumbles to dust.
You assume a fearsome visage.
The killer bee looks frightened! x7
You die...

#### ########## ############
####... .........# #..........#
#..†.y. .........#
#..........###.##y.. .........#
#..........##..##...
.........#####..yy......'..###...
)).......##..'..@yy.....#### #...
.........##.##..yyy.....# #...
.........#..########..'## ####
.........'.## ###.....###
.........### ##.P...P...##
#######'## #P..PP......# #.....#
#PPPPP..P....# ###+######
#PPP...PPP..... ..........
#PP.>.PPPPP....


You could see 7 killer bees.

Vanquished Creatures
  A vault guard (Bailey)
  Erolcha (D:9)
  A centaur warrior (D:9)
  An ugly thing (D:9)
  An unseen horror (D:8)
  A komodo dragon (D:9)
  A queen bee (D:9)
  A slime creature (D:9)
  Prince Ribbit (Bailey)
  A hornet (D:9)
  Sigmund (D:2)
  4 humans (Bailey)
  5 yaks (D:7)
  3 steam dragons
  2 water moccasins (D:5)
  2 hornet zombies
  4 orc warriors (D:9)
  A necrophage (D:8)
  A sky beast (D:6)
  A black bear (D:7)
  An ogre (D:6)
  14 bullfrogs
  3 gnoll sergeants
  4 scorpions
  3 jellies
  20 killer bees (D:9)
  3 wights (D:9)
  2 howler monkeys (D:9)
  3 centaur zombies
  A bullfrog zombie (D:7)
  2 centaur skeletons
  7 orc priests
  3 hounds
  9 orc wizards
  2 hound skeletons
  2 howler monkey zombies (D:8)
  15 gnolls
  A howler monkey skeleton (D:7)
  9 adders
  A shadow imp (D:6)
  A white imp (D:7)
  2 ufetubi (D:6)
  A worm (D:3)
  2 adder skeletons (D:4)
  2 dart slugs (D:1)
  52 orcs
  12 ball pythons
  5 endoplasms
  4 giant cockroaches
  4 goblins
  10 hobgoblins
  4 jackals (D:3)
  3 kobolds
  2 quokkas
  2 bats (D:1)
  4 frilled lizards
  5 rats
254 creatures vanquished.

Vanquished Creatures (others)
  4 plants (D:9)
4 creatures vanquished.

Grand Total: 258 creatures vanquished

Notes
Turn   | Place    | Note
-------+----------+-------------------------------------------
     0 | D:1      | quokkamancerX the Hill Orc Fighter began the quest for the
                  | Orb.
     0 | D:1      | Reached XP level 1. HP: 19/19 MP: 1/1
    44 | D:1      | Reached skill level 3 in Axes
   270 | D:1      | Reached XP level 2. HP: 24/26 MP: 2/2
   331 | D:1      | Reached skill level 4 in Axes
   423 | D:1      | Found a faded altar of an unknown god.
   513 | D:1      | Reached XP level 3. HP: 31/31 MP: 3/3
   966 | D:2      | Noticed Sigmund
   967 | D:2      | Reached skill level 5 in Axes
   982 | D:2      | Killed Sigmund
   983 | D:2      | Reached skill level 7 in Axes
   983 | D:2      | Reached XP level 4. HP: 8/39 MP: 4/4
   983 | D:2      | Reached XP level 5. HP: 10/45 MP: 5/5
  1441 | D:2      | Reached skill level 8 in Axes
  1441 | D:2      | Reached XP level 6. HP: 50/51 MP: 6/6
  1773 | D:2      | Identified the +2 pair of gloves of Riqarang {Dex+7}
  2831 | D:4      | Reached skill level 9 in Axes
  3012 | D:4      | Reached XP level 7. HP: 48/57 MP: 7/7
  3251 | D:5      | Entered Level 5 of the Dungeon
  3282 | D:5      | Found a bloodstained altar of Trog.
  3460 | D:5      | Reached skill level 10 in Axes
  3734 | D:5      | Reached skill level 11 in Axes
  4016 | D:5      | Reached XP level 8. HP: 53/64 MP: 8/8
  4055 | D:5      | Reached skill level 12 in Axes
  4098 | D:5      | Found a staircase to the Ecumenical Temple.
  4114 | Temple   | Entered the Ecumenical Temple
  4317 | Temple   | Became a worshipper of the Shining One
  4882 | D:6      | Reached skill level 13 in Axes
  5208 | D:6      | Reached skill level 14 in Axes
  5208 | D:6      | Reached XP level 9. HP: 47/70 MP: 9/9
  5463 | D:6      | Reached skill level 15 in Axes
  5772 | D:7      | Reached * piety under the Shining One
  6270 | D:7      | Reached skill level 16 in Axes
  6370 | D:7      | Reached skill level 5 in Fighting
  6698 | D:7      | Found Iniuck's Antique Weapon Emporium.
  7051 | D:8      | Reached skill level 5 in Invocations
  7051 | D:8      | Reached XP level 10. HP: 70/83 MP: 13/13
  7225 | D:8      | Found a flagged portal.
  7304 | Bailey   | Entered a bailey
  7497 | Bailey   | Reached ** piety under the Shining One
  7794 | Bailey   | Noticed Prince Ribbit
  7794 | Bailey   | Noticed a vault guard
  7800 | Bailey   | Killed Prince Ribbit
  7831 | Bailey   | Killed a vault guard
  8073 | Bailey   | Noticed a vault guard
  8491 | D:8      | Noticed an unseen horror
  8528 | D:8      | Killed an unseen horror
  8675 | D:9      | Noticed a centaur warrior
  8681 | D:9      | Killed a centaur warrior
  8682 | D:9      | Reached XP level 11. HP: 68/95 MP: 16/18
  8846 | D:9      | Noticed Erolcha
  8857 | D:9      | Killed Erolcha
  8858 | D:9      | Reached skill level 17 in Axes
  9236 | D:9      | Found a roughly hewn altar of Beogh.
  9236 | D:9      | Found a staircase to the Orcish Mines.
  9271 | D:9      | Reached skill level 10 in Invocations
  9659 | D:9      | Noticed a brown ugly thing
  9665 | D:9      | Killed a brown ugly thing
  9666 | D:9      | Reached skill level 18 in Axes
 10035 | D:9      | Reached *** piety under the Shining One
 10064 | D:9      | Found a staircase to the Lair.
 10183 | D:9      | Reached skill level 10 in Fighting
 10237 | D:9      | HP: 4/101 [killer bee (6)]
 10238 | D:9      | Succumbed to a killer bee's poison

Illustrated notes

Levels and vault maps discovered:
D:1:      dpeg_arrival_more_subterranean_lakeside_camping, layout_rooms,
          hellmonk_ecumenical_altar_slurped_away
D:2:      layout_loops_ring, minmay_pentomino_p2, uniq_sigmund
D:3:      layout_loops_ring, hangedman_decor_slide_cut
D:4:      layout_loops_cross
D:5:      layout_basic, mainiacjoe_overflow_catwalk, minmay_temple_entry_mist
D:6:      layout_gridville
D:7:      layout_loops_ring, serial_shops, shop
D:8:      layout_rooms, enter_bailey_8
D:9:      layout_roguey [special_room_bee], david_lair_shrubbed, david_orc_5,
          minmay_bent, uniq_erolcha
Temple:   minmay_crystal_snake_temple

Skill      XL: |  1  2  3  4  5  6  7  8  9 10 11 |
---------------+----------------------------------+-----
Axes           | 3 4 7 8 9 11 14 16 18 | 18.0
Fighting       | 6 8 10 | 10.5
Invocations    | 5 9 10 | 10.0
Armour         | |  3.2
Shields        | |  3.2

Action                   |  1- 3 |  4- 6 |  7- 9 | 10-12 || total
-------------------------+-------+-------+-------+-------++-------
Melee: War axe           |    68 |   117 |   319 |   127 ||   631
       Broad axe         |       |       |       |   246 ||   246
Throw: Dart              |       |       |     1 |       ||     1
       Boomerang         |       |       |       |     4 ||     4
Invok: Divine Shield     |       |       |       |     1 ||     1
  Use: Potion            |     1 |       |       |     4 ||     5
       Scroll            |       |       |     6 |     8 ||    14
Armor: Scale mail        |    17 |       |       |       ||    17
       Chain mail        |     5 |    18 |       |       ||    23
       Plate armour      |       |    41 |   174 |   194 ||   409
Dodge: Dodged            |    34 |    29 |    63 |    92 ||   218
Block: Buckler           |    15 |    27 |    83 |    88 ||   213
